woodfighter, neutral female scurrid Archeologist -.----- |...o.| .B.oo.. |oo[..| |.@of.| ------- woodfighter the Investigator Experience level: 6 Strength: 25 Dexterity: 10 Constitution: 14 Intelligence: 15 Wisdom: 18 Charisma: 11 Health: 0(45) Energy: 35(35) Def: 2 Gold: 2734 Moves: 1729 Dungeon seed: VmumQtEnHLyCci50 Game ID: woodfighter_1532272214 Your Inventory: Coins $ - 2734 gold pieces Weapons a - a blessed +2 bullwhip (weapon in paw) h - a +0 boomerang (in quiver) Armor e - an uncursed +0 leather jacket (being worn) n - an uncursed +0 pair of leather gloves q - an uncursed +0 dwarvish cloak r - a blessed +0 pair of gauntlets of power (being worn) N - an uncursed +0 mummy wrapping Y - a cursed -1 pair of levitation boots Comestibles b - 4 uncursed chestnuts j - 4 uncursed food rations s - an uncursed apple x - 2 uncursed eggs z - an uncursed sprig of wolfsbane E - an uncursed orange H - an uncursed tripe ration I - an uncursed lichen corpse L - an uncursed fortune cookie S - 2 uncursed lembas wafers Scrolls A - a cursed scroll of teleportation B - an uncursed scroll of light D - an uncursed scroll of scare monster F - an uncursed scroll of confuse monster K - an uncursed scroll of remove curse T - a blessed scroll of magic mapping X - a blessed scroll of enchant weapon Z - 2 uncursed scrolls of identify Spellbooks v - an uncursed spellbook of wizard lock C - an uncursed spellbook of light Potions i - a cursed potion of gain level o - an uncursed potion of restore ability t - a cursed potion of healing u - 2 uncursed potions of object detection w - an uncursed potion of blindness J - an uncursed potion of paralysis M - an uncursed potion of extra healing O - an uncursed potion of sleeping P - 2 uncursed potions of hallucination R - a cursed potion of hallucination W - 2 uncursed potions of monster detection Rings m - an uncursed ring of teleport control Wands d - a wand of light (0:11) p - a wand of enlightenment (0:11) G - a wand of enlightenment (0:14) V - a wand of striking (0:5) Tools c - an uncursed pair of lenses (being worn) f - an uncursed sack g - an uncursed tin opener (alternate weapon; not wielded) y - an uncursed lock pick Gems Q - an uncursed touchstone U - an uncursed aquamarine Spells and supernatural/magical abilities: Name Level Category Fail Memory W - pray for help -- divine ? -- Your skills at the end: Miscellaneous Skills wands [Basic] Weapon Skills boomerang [Basic] whip [Basic] Spellcasting Skills Final Attributes: You were devoutly aligned. You were poison resistant. You had automatic searching. You had infravision. You were very stealthy. You were fast. You are dead. Vanquished creatures: a housecat 2 blue jellies 2 soldier ants 2 kobold mummies a straw golem a dwarf a kobold lord a hill orc a rabid rat a jitterbug 3 dwarf zombies 4 coyotes 2 hobbits a large kobold 3 geckos 2 hobgoblins 2 cave spiders a brown mold a garter snake 2 manes a gnome zombie 4 jackals a kobold 6 newts 5 goblins 3 sewer rats 9 grid bugs a bat 4 lichens 68 creatures vanquished. Voluntary challenges: You followed a strict vegan diet. You did not cause conflict. You were not invisible. You did not have reflection. You were not displaced. You used a wielded weapon 78 times, starting on turn 8. You did not apply a unicorn horn. You did not use plumbed fixtures. You did not drink any magical draughts. You read items or engraved 1 time, starting on turn 1728. You never genocided any monsters. You never polymorphed an object. You never changed form. You used no wishes. You never split a pudding. You never wrote Elbereth's name. You never violated your personal moral code. Dungeon overview: The Dungeons of Doom: levels 1 to 8 Level 1 (box) an altar to Huhetotl a long staircase Level 2 (box) a sink Level 3 an altar to Camaxtli stairs to The Gnomish Mines Level 4 some fountains Level 5 a general store Level 6 many fountains Level 7 Level 8 <- You were here The Gnomish Mines: Level 4 stairs to The Dungeons of Doom History has recorded: On T:1 you entered the Dungeons of Doom to retrieve the Amulet of Yendor! On T:31 you reached level 2 of The Dungeons of Doom. On T:289 you reached level 3 of The Dungeons of Doom. On T:367 you advanced to experience level 2. On T:713 you advanced to experience level 3. On T:716 you reached level 1 of The Gnomish Mines. On T:817 you reached level 4 of The Dungeons of Doom. On T:945 you advanced to experience level 4. On T:963 you reached level 5 of The Dungeons of Doom. On T:1067 you reached level 6 of The Dungeons of Doom. On T:1432 you advanced to experience level 5. On T:1498 you reached level 7 of The Dungeons of Doom. On T:1664 you prayed to Camaxtli. On T:1727 you advanced to experience level 6. On T:1728 you reached level 8 of The Dungeons of Doom. Score breakdown: Gold: 2734 ( 273 points) Experience: 6 levels ( 500 points) Exploration: 8 levels ( 210 points) Discoveries: 29 items ( 1450 points) Variety of kills: 29 monsters ( 1450 points) Major goal: (nothing yet) ( 0 points) Survival: died (score multiplied by 3) Total score: 11649 Latest messages: Kitty misses the soldier ant. The soldier ant bites! The soldier ant just misses! You kill the soldier ant! Welcome to experience level 6. Kitty bites the hill orc. The hill orc wields a curved sword! The hill orc zaps a platinum wand! The wand hits the hill orc! The wand hits you! The hill orc escapes upstairs! The hill orc punches you! As you read the scroll, it disappears. Kitty misses the hill orc. You kill the hill orc! Kitty bites the hill orc. The hill orc misses kitty. The hill orc zaps a wand of striking! The wand hits you! You hear the howling of the CwnAnnwn... The hill orc punches you! (2x) You die... The sack is empty. The sack is empty. Final status: Goodbye woodfighter the Archeologist, killed by a hill orc... You died in The Dungeons of Doom on dungeon level 8 with 11649 points, and 2734 pieces of gold, after 1729 moves. You were level 6 with a maximum of 45 hit points when you died.